 Dungeon Crawl Stone Soup version 0.20.0-15-g7f486f2 (webtiles) character file.

1449 PeeWee the Shield-Bearer (level 8, 0/70 HPs)
             Began as a Minotaur Fighter on June 15, 2017.
             Slain by a gnoll
             ... wielding a +0 halberd
              (7 damage)
             ... on level 4 of the Dungeon.
             The game lasted 00:21:22 (3866 turns).

PeeWee the Shield-Bearer (Minotaur Fighter)         Turns: 3866, Time: 00:21:23

Health: 0/70       AC:  6    Str: 21    XL:     8   Next: 47%
Magic:  0/7        EV: 12    Int:  5    God:
Gold:   186        SH: 11    Dex: 17    Spells: 7/7 levels left

rFire    . . .     SeeInvis .   n - -2 spear (curse)
rCold    . . .     Gourm    .   c - +0 shield
rNeg     . . .     Faith    .   A - +0 leather armour (curse)
rPois    +         Spirit   +   (helmet restricted)
rElec    .         Reflect  .   (no cloak)
rCorr    .         Harm     .   o - +0 pair of gloves
MR       .....                  u - +0 pair of boots
Stlth    +.........             y - amulet of guardian spirit
Regen    0.3/turn               q - +5 ring of dexterity
MPRegen  0.1/turn               t - ring of poison resistance (curse)

@: no status effects
A: retaliatory headbutt, horns 2
a: no special abilities


You were on level 4 of the Dungeon.
You were not hungry.

You visited 1 branch of the dungeon, and saw 4 of its levels.

You collected 186 gold pieces.

Inventory:

Hand Weapons
 a - a +0 long sword
 n - a cursed -2 spear (weapon)
 p - a +1 hand axe of electrocution
Armour
 c - a +0 shield (worn)
 g - a +1 plate armour
 o - a +0 pair of gloves (worn)
 u - a +0 pair of boots (worn)
 A - a cursed +0 leather armour (worn)
 B - a +2 leather armour of fire resistance
Jewellery
 q - a +5 ring of dexterity (left hand)
 s - a +4 ring of strength
 t - a cursed ring of poison resistance (right hand)
 y - an amulet of guardian spirit (around neck)
Wands
 b - a wand of random effects (27/48)
 e - a wand of acid (0/15)
Scrolls
 i - 7 scrolls of identify
 r - a scroll of amnesia
 v - a scroll of fog
 x - a scroll of teleportation
 z - a scroll of enchant armour
Potions
 d - a potion of might
 j - a potion of brilliance
 l - a potion of curing
 w - 2 potions of haste
Comestibles
 f - 5 bread rations
 h - 12 chunks of flesh
 k - 2 meat rations
 m - 6 fruits


   Skills:
 + Level 5.9 Fighting
 + Level 3.9 Long Blades
 + Level 4.7(5.2) Axes
 + Level 3.2(4.5) Polearms
 + Level 6.5 Armour
 + Level 3.5 Dodging
 + Level 7.4 Shields
 + Level 0.1 Evocations


You had 7 spell levels left.
You didn't know any spells.

Dungeon Overview and Level Annotations

Branches:
Dungeon (4/15)
 Temple: D:4-7

Altars:


Innate Abilities, Weirdness & Mutations

You reflexively headbutt those who attack you in melee.
You have a pair of horns on your head.


Message History

You hit the gnoll but do no damage. You headbutt the gnoll.
The gnoll is severely wounded.
You closely miss the gnoll.
The gnoll is severely wounded.
The gnoll hits you with a halberd!
* * * LOW HITPOINT WARNING * * *
You hit the gnoll. Your headbutt misses the gnoll.
The gnoll is severely wounded.
You block the gnoll's attack.
Some of the chunks of flesh in your inventory have rotted away.
You hit the gnoll but do no damage. Your headbutt misses the gnoll.
The gnoll is severely wounded.
The gnoll hits you with a halberd!
* * * LOW HITPOINT WARNING * * *
You completely miss the gnoll.
The gnoll is severely wounded.
You hit the gnoll. Your headbutt misses the gnoll.
The gnoll is almost dead.
The gnoll hits you with a halberd!
You die...

## #≈≈P . . ###≈≈. ########.
#.≈≈≈. #...g.... #.≈≈≈. ........#
#.≈≈≈. g.......# #.≈≈≈. #......g#
#.≈≈≈. '##################)#
#.≈≈≈. .......'....'..@).))#
#.≈≈≈. .......#.)..#...g...#
..#.≈≈≈. .......#.÷).#......(#
#'###≈≈P #########''''###########
#...#≈≈.
.....................)...#...#≈≈.
≈≈≈≈≈≈≈≈≈....≈≈≈≈≈≈≈≈≈≈≈≈#####≈≈.
≈≈≈≈≈≈≈≈≈....≈≈≈≈≈≈≈≈≈≈≈≈≈≈≈≈≈≈≈.
≈≈≈≈≈≈≈≈≈)...≈≈≈≈≈≈≈≈≈≈≈≈≈≈≈≈≈≈≈.
.......)).....................P..


You could see a gnoll.

Vanquished Creatures
  The ghost of Dumah the Skirmisher, an amateur DrSk (D:3)
  An ice beast (D:4)
  3 ogres (D:4)
  A bullfrog (D:3)
  6 killer bees (D:3)
  A howler monkey (D:4)
  A gnoll shaman (D:4)
  3 worker ants (D:4)
  27 gnolls
  5 adders
  An ooze (D:4)
  2 worms (D:2)
  3 dart slugs
  5 leopard geckos
  4 giant cockroaches
  6 hobgoblins
  13 jackals
  A ball python (D:4)
  12 bats
  5 frilled lizards
  14 goblins
  10 kobolds
  A quokka skeleton (D:3)
  18 rats
144 creatures vanquished.

Notes
Turn   | Place    | Note
-------+----------+-------------------------------------------
     0 | D:1      | PeeWee the Minotaur Fighter began the quest for the Orb.
     0 | D:1      | Reached XP level 1. HP: 19/19 MP: 0/0
    97 | D:1      | Reached XP level 2. HP: 3/27 MP: 1/1
   533 | D:1      | Reached skill level 4 in Shields
   535 | D:1      | Reached XP level 3. HP: 33/33 MP: 2/2
   949 | D:2      | Reached skill level 1 in Dodging
  1052 | D:2      | Reached XP level 4. HP: 32/40 MP: 3/3
  2173 | D:3      | Reached XP level 5. HP: 36/46 MP: 4/4
  2341 | D:3      | Reached skill level 1 in Axes
  2341 | D:3      | Reached skill level 5 in Shields
  2372 | D:3      | Reached XP level 6. HP: 24/53 MP: 5/5
  2550 | D:3      | Reached skill level 6 in Shields
  2755 | D:3      | Noticed Dumah's ghost (amateur DrSk)
  2776 | D:3      | Killed Dumah's ghost
  2776 | D:3      | Reached skill level 5 in Fighting
  2776 | D:3      | Reached skill level 5 in Armour
  2776 | D:3      | Reached XP level 7. HP: 26/61 MP: 3/6
  3352 | D:4      | Reached skill level 1 in Polearms
  3361 | D:4      | Reached XP level 8. HP: 67/68 MP: 7/7
  3764 | D:4      | Reached skill level 7 in Shields
  3866 | D:4      | Slain by a gnoll

Skill      XL: |  1  2  3  4  5  6  7  8 |
---------------+-------------------------+-----
Armour         | 4 5 6 |  6.5
Fighting       | 4 5 |  5.9
Shields        | 4 5 6 7 |  7.4
Long Blades    | 3 |  3.9
Dodging        | 1 2 3 |  3.5
Axes           | 2 3 4 |  4.7
Polearms       | 1 3 |  3.2
Evocations     | |  0.1

Action                   |  1- 3 |  4- 6 |  7- 9 || total
-------------------------+-------+-------+-------++-------
Melee: Long sword        |   136 |    29 |       ||   165
       Headbutt          |    13 |    21 |    46 ||    80
       Hand axe          |       |   122 |    25 ||   147
       Spear             |       |       |   147 ||   147
Evoke: Wand              |       |       |     5 ||     5
  Use: Potion            |       |     6 |       ||     6
       Scroll            |       |     2 |     4 ||     6
  Eat: Chunk             |     1 |     5 |     4 ||    10
Armor: Scale mail        |    62 |    32 |       ||    94
       Skin              |       |    33 |       ||    33
       Plate armour      |       |     5 |    31 ||    36
       Leather armour    |       |       |    12 ||    12
Dodge: Dodged            |    39 |    30 |    58 ||   127
Block: Shield            |    66 |    91 |    96 ||   253
       Rpst.: Long sword |     6 |     1 |       ||     7
